 Dungeon Crawl Stone Soup version 0.26-a0-651-gb41185065b (webtiles) character file.

Game seed: 16776913447989346991

375948 Apogee the Scholar (level 22, 0/173 HPs)
             Began as a Gnoll Wanderer on Oct 27, 2020.
             Was an Elder of Sif Muna.
             Killed from afar by a frost giant (30 damage)
             ... with a bolt of cold
             ... on level 2 of the Depths on Oct 28, 2020.
             The game lasted 02:25:02 (65775 turns).

Apogee the Scholar (Gnoll Wanderer)                Turns: 65775, Time: 02:25:02

Health: 0/173      AC: 23    Str: 29    XL:     22   Next: 40%
Magic:  41/41      EV: 19    Int: 25    God:    Sif Muna [****..]
Gold:   2324       SH: 17    Dex: 18    Spells: 5/51 levels left

rFire    + . .     SeeInvis .   w - +7 war axe of Watchfulness {distort, Int+2 Dex+4}
rCold    . . .     Faith    +   E - +2 kite shield {reflect}
rNeg     + + +     Spirit   .   N - +2 chain mail {rPois}
rPois    +         Reflect  +   G - +2 hat "Taymi Wuo" {rN++}
rElec    .         Harm     .   M - +0 cloak {Stlth+}
rCorr    .         Rampage  .   X - +0 pair of gloves "Piateuwu" {rN+ Slay+4}
MR       +....                  m - +1 pair of boots "Tanestit" {rF+}
Stlth    +++.......             U - amulet of faith {!P}
HPRegen  0.38/turn              e - +6 ring of intelligence
MPRegen  0.27/turn              I - +6 ring of strength

@: no status effects
A: distributed training, fangs 1, strong nose
}: 3/15 runes: decaying, serpentine, abyssal
a: Channel Magic, Forget Spell, Divine Exegesis, Renounce Religion


You were on level 2 of the Depths.
You worshipped Sif Muna.
Sif Muna was greatly pleased with you.
You visited 9 branches of the dungeon, and saw 39 of its levels.
You visited the Abyss 3 times.
You also visited: Ice Cave.

You collected 4510 gold pieces.
You spent 2186 gold pieces at shops.

Inventory:

Hand Weapons
 w - the +7 war axe of Watchfulness (weapon) {distort, Int+2 Dex+4}
   (You acquired it on level 10 of the Dungeon)

   It warps and distorts space around it.
   Unwielding it can cause banishment or high damage.
   It affects your intelligence (+2).
   It affects your dexterity (+4).
Missiles
 b - 10 silver boomerangs (quivered)
 i - 5 boomerangs
 j - 13 javelins
Armour
 m - the +1 pair of boots "Tanestit" (worn) {rF+}
   (You found it on level 3 of the Vaults)

   It protects you from fire.
 E - a +2 kite shield of reflection (worn)
   (You found it on level 13 of the Dungeon)
 G - the +2 hat "Taymi Wuo" (worn) {rN++}
   (You found it on level 4 of the Vaults)

   It greatly protects you from negative energy.
 M - a +0 cloak of stealth (worn)
   (You found it on level 2 of the Vaults)
 N - a +2 chain mail of poison resistance (worn)
   (You took it off an orc warrior on level 2 of the Orcish Mines)
 X - the +0 pair of gloves "Piateuwu" (worn) {rN+ Slay+4}
   (You acquired it on level 10 of the Dungeon)

   It affects your accuracy and damage with ranged weapons and melee attacks
   (+4).
   It protects you from negative energy.
Jewellery
 e - a +6 ring of intelligence (left hand)
   (You found it on level 4 of the Snake Pit)
 o - an uncursed ring of protection from cold
   (You found it on level 3 of the Dungeon)
 q - an uncursed ring of magical power
   (You found it on level 3 of the Dungeon)
 z - an uncursed ring of see invisible
   (You found it on level 4 of the Vaults)
 A - an uncursed ring of resist corrosion
   (You found it on level 3 of the Snake Pit)
 I - a +6 ring of strength (right hand)
   (You found it on level 4 of the Dungeon)
 L - an uncursed ring of fire
   (You found it on level 8 of the Dungeon)
 U - an amulet of faith (around neck) {!P}
   (You found it on level 10 of the Dungeon)
 V - an uncursed ring of flight
   (You found it on level 11 of the Dungeon)
 Z - the amulet of Ubudagha {Reflect MR+ Int+6 SH+5}
   (You found it on level 4 of the Swamp)

   [amulet of reflection]

   It shields you and reflects attacks.
   It affects your intelligence (+6).
   It affects your resistance to hostile enchantments.
   It affects your SH (+5).
Wands
 c - a wand of disintegration (15)
   (You found it on level 15 of the Dungeon)
 d - a wand of iceblast (3)
   (You found it on level 1 of the Vaults)
 t - a wand of polymorph (23)
   (You found it on level 1 of the Depths)
 v - a wand of digging (5)
   (You found it on level 1 of the Lair of Beasts)
 W - a wand of enslavement (10)
   (You found it on level 1 of the Snake Pit)
Scrolls
 a - 2 scrolls of holy word
 f - 6 scrolls of amnesia
 g - 3 scrolls of torment {!r}
 h - 8 scrolls of magic mapping
 k - 3 scrolls of fog
 n - 24 scrolls of remove curse {@r2}
 p - 5 scrolls of immolation {!r}
 r - a scroll of identify {@r1}
 u - 4 scrolls of vulnerability {!r}
 x - 8 scrolls of teleportation {@r4}
 y - 6 scrolls of fear
 B - 3 scrolls of silence
 D - 3 scrolls of enchant armour
 H - 2 scrolls of brand weapon
 K - 3 scrolls of blinking
Potions
 l - 8 potions of curing {@q1}
 s - 8 potions of brilliance
 C - 6 potions of lignification {!q}
 F - 3 potions of magic
 J - 5 potions of cancellation
 P - 7 potions of mutation {!q}
 Q - a potion of resistance
 R - 6 potions of berserk rage
 T - a potion of invisibility
 Y - 2 potions of haste {@q3}
Miscellaneous
 O - a condenser vane (1/2)
   (You found it on level 9 of the Dungeon)
 S - a phantom mirror
   (You found it on level 3 of the Lair of Beasts)


   Skills:
 + Level 14.7 Fighting
 + Level 14.5 Short Blades
 + Level 14.5 Long Blades
 + Level 14.7 Axes
 + Level 14.5 Maces & Flails
 + Level 14.5 Polearms
 + Level 14.5 Staves
 + Level 14.5 Slings
 + Level 14.5 Bows
 + Level 14.5 Crossbows
 + Level 14.5 Throwing
 + Level 15.6 Armour
 + Level 14.5 Dodging
 + Level 14.7 Stealth
 + Level 14.7 Shields
 + Level 14.5 Unarmed Combat
 + Level 15.2 Spellcasting
 + Level 12.5 Conjurations
 + Level 12.5 Hexes
 + Level 12.5 Summonings
 + Level 12.5 Necromancy
 + Level 12.7 Translocations
 + Level 12.5 Transmutations
 + Level 12.5 Fire Magic
 + Level 12.5 Ice Magic
 + Level 12.5 Air Magic
 + Level 12.5 Earth Magic
 + Level 12.5 Poison Magic
 + Level 15.6 Invocations
 + Level 14.5 Evocations


You had 5 spell levels left.
You knew the following spells:

 Your Spells              Type           Power        Failure   Level
a - Confusing Touch       Hex            ######..     1%          3
b - Absolute Zero         Ice            ######....   100%        9
c - Apportation           Tloc           ######       1%          1
d - Ignite Poison         Fire/Tmut/Pois ######..     1%          3
e - Death's Door          Necr           ######....   100%        9
f - Invisibility          Hex            ######..     9%          6
g - Shadow Creatures      Summ           N/A          9%          6
w - Summon Mana Viper     Hex/Summ       ######..     1%          5
y - Olgreb's Toxic Radia  Pois           ######..     1%          4

Your spell library contained the following spells:

 Spells                   Type           Power        Failure   Level
 Animate Skeleton         Necr           ######       1%          1
 Beastly Appendage        Tmut           ######       1%          1
 Corona                   Hex            ######.      1%          1
 Foxfire                  Conj/Fire      ####         1%          1
 Pain                     Necr           ####         1%          1
 Sandblast                Erth           ######       1%          1
 Sting                    Tmut/Pois      ####         1%          1
 Summon Small Mammal      Summ           ####         1%          1
 Blink                    Tloc           N/A          1%          2
 Call Imp                 Summ           ######..     1%          2
 Ensorcelled Hibernation  Hex/Ice        ######       1%          2
 Passwall                 Tmut/Erth      ######..     1%          2
 Poisonous Vapours        Pois/Air       ######       1%          2
 Searing Ray              Conj           ######       1%          2
 Slow                     Hex            ######..     1%          2
 Wereblood                Tmut           ######..     1%          2
 Call Canine Familiar     Summ           ######..     1%          3
 Conjure Flame            Conj/Fire      ######..     1%          3
 Dazzling Flash           Conj/Hex       ######       1%          3
 Frozen Ramparts          Ice            ######       1%          3
 Gell's Gravitas          Tloc           ######....   1%          3
 Inner Flame              Hex/Fire       ######..     1%          3
 Lesser Beckoning         Tloc           ######....   1%          3
 Mephitic Cloud           Conj/Pois/Air  ######..     1%          3
 Ozocubu's Armour         Ice            ######..     1%          3
 Portal Projectile        Hex/Tloc       ######       1%          3
 Spider Form              Tmut/Pois      ######....   1%          3
 Static Discharge         Conj/Air       ######..     1%          3
 Stone Arrow              Conj/Erth      ######       1%          3
 Summon Guardian Golem    Hex/Summ       ######..     1%          3
 Teleport Other           Tloc           ######..     1%          3
 Tukima's Dance           Hex            ######..     1%          3
 Vampiric Draining        Necr           ######....   1%          3
 Airstrike                Air            ######....   1%          4
 Animate Dead             Necr           ######....   1%          4
 Cause Fear               Hex            ######....   1%          4
 Hailstorm                Conj/Ice       ######..     1%          4
 Ice Form                 Ice/Tmut       ######..     1%          4
 Iskenderun's Mystic Bla  Conj/Tloc      ######..     1%          4
 Leda's Liquefaction      Hex/Erth       ######....   1%          4
 Passage of Golubria      Tloc           N/A          1%          4
 Petrify                  Tmut/Erth      ######..     1%          4
 Sticky Flame             Conj/Fire      ######..     1%          4
 Agony                    Necr           ######..     1%          5
 Alistair's Intoxication  Tmut/Pois      ######...    1%          5
 Blade Hands              Tmut           ######....   1%          5
 Bolt of Magma            Conj/Fire/Erth ######....   1%          5
 Fireball                 Conj/Fire      ######....   1%          5
 Irradiate                Conj/Tmut      ######....   1%          5
 Iskenderun's Battlesphe  Conj           ######..     1%          5
 Lee's Rapid Deconstruct  Erth           ######....   1%          5
 Silence                  Hex/Air        ######....   1%          5
 Summon Forest            Summ/Tloc      ######....   1%          5
 Yara's Violent Unravell  Hex/Tmut       ######....   1%          5
 Dispersal                Tloc           ######....   8%          6
 Conjure Ball Lightning   Conj/Air       ######....   9%          6
 Eringya's Noxious Bog    Tmut/Pois      ######....   9%          6
 Freezing Cloud           Conj/Ice/Air   ######....   9%          6
 Hydra Form               Tmut           ######....   9%          6
 Iron Shot                Conj/Erth      ######....   9%          6
 Ozocubu's Refrigeration  Ice            ######....   9%          6
 Simulacrum               Ice/Necr       ######....   9%          6
 Starburst                Conj/Fire      ######....   9%          6
 Malign Gateway           Summ/Tloc      ######....   41%         7
 Dragon Form              Tmut           ######....   43%         7
 Orb of Destruction       Conj           ######....   43%         7
 Spellforged Servitor     Conj/Summ      ######....   43%         7
 Summon Greater Demon     Summ           ######....   43%         7
 Summon Hydra             Summ           ######....   43%         7
 Chain Lightning          Conj/Air       ######....   98%         8
 Discord                  Hex            ######....   98%         8
 Disjunction              Tloc           ######....   98%         8
 Ignition                 Fire           ######....   98%         8
 Infestation              Necr           ######....   98%         8
 Lehudib's Crystal Spear  Conj/Erth      ######....   98%         8
 Summon Horrible Things   Summ           ######....   98%         8
 Shatter                  Erth           ######....   100%        9


Dungeon Overview and Level Annotations

Branches:
Dungeon (15/15)            Temple (1/1) D:6            Lair (6/6) D:11
  Swamp (4/4) Lair:4        Snake (4/4) Lair:4        Slime (0/5) Lair:5
    Orc (2/2) D:12            Elf (1/3) Orc:2        Vaults (4/5) D:13
  Crypt (0/3) Vaults:2     Depths (2/5) D:15          IceCv (visited)

Altars:
Ashenzari
Cheibriados
Dithmenos
Elyvilon
Fedhas
Gozag
Hepliaklqana
Kikubaaqudgha
Makhleb
Nemelex Xobeh
Okawaru
Qazlal
Ru
Sif Muna
Trog
Uskayaw
Vehumet
Wu Jian
Xom
Yredelemnul
Zin
The Shining One
Beogh

Shops:
D:10 !(*(?   D:11 (   D:12 *   Orc:2 (}[[   Vaults:3 [   Depths:1 *

Portals:
Hell: Depths:1 Depths:2
Abyss: Depths:1

Annotations:
D:5 1 runed translucent door, Nico3ck's ghost, amateur TrBe
D:9 2 runed translucent doors
Snake:2 1 runed translucent door, catramo's ghost, adept TrMo
Vaults:2 exclusion: door
Abyss:1 Urug


Innate Abilities, Weirdness & Mutations

Your experience applies equally to all skills.
You have very sharp teeth.
Your uncanny sense of smell can sniff out nearby items.


Message History

The blast of rock fragments hits the fire giant!!!
The fire giant gestures at you while chanting.
The fireball explodes!
The fireball engulfs you! You resist.
* * * LOW HITPOINT WARNING * * *
The fireball engulfs the fire giant.
The fire giant resists.
The floating eye turns its gaze towards you.
You hear a shout! x3
You slice the fire giant!!
You kill the fire giant!
Sif Muna accepts your kill.
You see here a +2 great sword of flaming.
You swing at nothing.
Aim: a frost giant, wielding a +2 battleaxe of freezing (chance to defeat MR: 28%)
Okay, then.
Aim: a frost giant, wielding a +2 battleaxe of freezing (chance to defeat MR: 57%)
The frost giant resists with significant effort.
Some rock shatters into small pieces.
The floating eye seems to glare at you.
You slice the frost giant!!
The frost giant is devoured by a tear in reality.
You barely miss the deep troll earth mage.
The deep troll earth mage bites you but does no damage.
The deep troll earth mage claws you.
* * * LOW HITPOINT WARNING * * *
You block the deep troll earth mage's attack.
You hit the deep troll earth mage but do no damage.
Space warps horribly around the deep troll earth mage!
You block the deep troll earth mage's attack. x2
The deep troll earth mage claws you.
* * * LOW HITPOINT WARNING * * *
You slash the deep troll earth mage!
Space bends around the deep troll earth mage.
You bite the deep troll earth mage, but do no damage.
You slash the floating eye!
Space warps horribly around the floating eye!
You kill the floating eye!
Sif Muna accepts your kill.
You slash the deep troll earth mage!
You kill the deep troll earth mage!
Sif Muna accepts your kill.
A frost giant comes into view.
It is wielding a +1 battleaxe of freezing.
The frost giant shouts!
You hear a shout!
The frost giant gestures at you while chanting.
The bolt of cold hits you!!!
* * * LOW HITPOINT WARNING * * *
As you read the scroll of fog, it crumbles to dust.
The scroll dissolves into smoke.
The frost giant casts a spell at you. The bolt of cold hits you!!
You die...

##∆##.#...........#
# ##.#.....###..#
##.#.....##..#
##.#.....#..#
.##.#.......#
..##.#......#
#..##.#.....#
#..##.#§§§§# ∆ ∆
#..##..§@§#
#...#.#§§# ∆
.#.....§.#
#.C.#§#..#
#..##.§...#
#..##.#....# #..
#.#.....# ..
#.#......# .
#.#.......#


You could see a frost giant.

Vanquished Creatures
  Vashnia (Snake:3)
  Saint Roka (Snake:4)
  the Lernaean hydra (Swamp:4)
  Rupert (D:15)
  Jorgrun (D:13)
  2 Executioners
  2 tentacled starspawn
  Kirke (Lair:5)
  A tengu reaver (Depths:1)
  A sphinx (Depths:1)
  4 thorn hunters
  7 nagarajas (Snake:4)
  A deep elf sorcerer (Elf:1)
  2 frost giants
  2 fire giants (Depths:2)
  6 vault wardens
  An orc warlord (Orc:2)
  4 very ugly things
  5 stone giants
  2 ironheart preservers
  5 entropy weavers
  A deep elf demonologist (Elf:1)
  A vampire knight (Depths:1)
  Nessos (D:12)
  A deep elf annihilator (Elf:1)
  Snorg (D:12)
  3 ettins
  A blizzard demon (IceCv)
  2 great orbs of eyes (Depths:2)
  3 fire dragons
  3 ice dragons
  8 yaktaur captains
  21 hydras
  2 rakshasas
  A vault guard (Vaults:1)
  11 naga warriors
  7 anacondas
  3 catoblepae
  2 death knights
  8 centaur warriors
  6 ghost crabs
  A queen ant (Lair:6)
  9 alligators
  2 death yaks
  23 two-headed ogres
  6 ogre magi
  2 dancing weapons (Elf:1)
  4 tengu warriors
  2 vampire magi
  3 deep troll shamans
  5 shock serpents
  2 deep troll earth magi
  11 naga sharpshooters
  An orc high priest (Orc:2)
  2 deep elf knights
  5 thrashing horrors (Abyss:4)
  A sun demon (Abyss:2)
  3 fire crabs (Lair:4)
  2 sixfirhies
  A wretched star (Abyss:4)
  5 skeletal warriors (Vaults:2)
  5 salamander mystics
  A spatial maelstrom (Abyss:2)
  3 deep trolls
  11 unseen horrors
  A glowing orange brain (Abyss:4)
  4 flayed ghosts (Depths:2)
  3 wizards
  7 deep elf archers
  7 naga ritualists
  8 ironbrand convokers
  10 swamp dragons
  8 harpies
  A necromancer (Vaults:3)
  5 orc knights
  2 wolf spiders
  22 deep elf magi
  5 mana vipers
  3 large abominations
  13 ugly things
  A manticore (Lair:5)
  5 orc sorcerers
  A salamander (shapeshifter) (Vaults:1)
  14 salamanders
  8 elephants
  A worldbinder (Abyss:3)
  2 oklob plants (Lair:5)
  3 cyclopes
  An elephant (shapeshifter) (Vaults:2)
  5 guardian serpents (Snake:4)
  A fire giant skeleton (Vaults:2)
  10 naga magi
  2 apocalypse crabs
  A cane toad (shapeshifter) (Vaults:1)
  7 centaur zombies
  A black mamba (shapeshifter) (D:15)
  2 orange demons (Abyss:3)
  2 smoke demons (Abyss:4)
  9 vault sentinels
  24 black mambas
  Maggie (D:6)
  An ice statue (IceCv)
  A gargoyle (D:14)
  A rime drake (Lair:6)
  A storm dragon simulacrum (Vaults:1)
  29 cane toads
  9 ice devils (IceCv)
  2 efreet
  A hellwing (Abyss:4)
  4 komodo dragons
  33 yaktaurs
  7 freezing wraiths
  3 yaktaurs (shapeshifter)
  4 human skeletons (Vaults:2)
  An ancient zyme (Abyss:3)
  8 trolls
  2 raiju (shapeshifter)
  A troll (shapeshifter) (Vaults:3)
  A polar bear (shapeshifter) (Vaults:1)
  A tengu simulacrum (Vaults:3)
  10 tyrant leeches
  3 hornets
  A blink frog (shapeshifter) (Abyss:4)
  30 slime creatures
  14 blink frogs
  15 raiju
  9 hippogriffs
  A frost giant simulacrum (Vaults:2)
  14 bog bodies
  A shadow (D:11)
  2 vampires
  An ettin skeleton (Vaults:2)
  Sigmund (D:6)
  A flying skull (Abyss:4)
  An air elemental (Abyss:2)
  2 ynoxinuls
  7 wraiths
  A basilisk (shapeshifter) (D:14)
  32 yaks
  A chaos spawn (Abyss:2)
  A neqoxec (Abyss:3)
  12 humans
  A hog (shapeshifter) (Vaults:1)
  11 basilisks
  4 hogs (Lair:5)
  3 wyverns
  A steam dragon (D:13)
  20 vampire mosquitoes
  2 human simulacra (Vaults:3)
  A warg (Vaults:3)
  13 swamp worms
  54 nagas
  7 spatial vortices (Abyss:2)
  13 insubstantial wisps
  Duvessa (D:7)
  A soldier ant (shapeshifter) (D:14)
  5 hell hounds (Abyss:2)
  3 acid dragons
  7 water moccasins
  3 floating eyes (Depths:2)
  19 soldier ants (Lair:6)
  8 sky beasts
  27 orc warriors
  3 porcupines
  9 swamp drakes
  8 ice beasts
  24 ogres
  An eye of draining (D:12)
  12 wolves
  3 boggarts (Depths:1)
  21 centaurs
  2 elf skeletons (Vaults:2)
  A big kobold (shapeshifter) (Vaults:1)
  7 crocodiles
  7 big kobolds (D:12)
  22 bullfrogs
  Blork the orc (D:4)
  4 gnoll sergeants (D:12)
  An earth elemental (Elf:1)
  A wyvern skeleton (D:14)
  Dowan (D:7)
  2 scorpions (D:4)
  4 killer bees (D:8)
  5 small abominations
  9 wights
  3 electric eels
  4 howler monkeys
  5 jellies
  22 starcursed masses
  2 bullfrog skeletons
  6 hounds
  28 orc priests
  3 centaur skeletons
  Jessica (D:3)
  4 iguanas
  25 worker ants
  24 orc wizards
  A hound zombie (D:10)
  A hound skeleton (D:4)
  A howler monkey skeleton (D:5)
  3 worker ant zombies
  9 adders
  9 gnolls
  3 shadow imps
  8 white imps
  8 ufetubi
  3 oozes
  2 adder zombies
  5 worms
  3 dart slugs
  7 leopard geckos
  123 orcs
  4 ball pythons
  6 giant cockroaches
  12 goblins
  13 hobgoblins
  14 jackals
  3 quokkas
  13 bats
  A frilled lizard (D:1)
  7 kobolds
  A leopard gecko skeleton (D:4)
  A quokka skeleton (D:6)
  2 quokka zombies
  3 rats (D:1)
  A block of ice (Swamp:4)
  2 starspawn tentacles (Abyss:3)
1465 creatures vanquished.

Vanquished Creatures (collateral kills)
  Asterion (Vaults:2)
  An unseen horror (D:13)
  An ice devil (IceCv)
  A human (D:13)
  An orc warrior (D:13)
  3 white imps (IceCv)
  2 ufetubi (IceCv)
10 creatures vanquished.

Vanquished Creatures (others)
  A fire dragon (D:15)
  An ogre mage (Vaults:4)
  A two-headed ogre (Vaults:4)
  A salamander mystic (Snake:2)
  A deep elf mage (Elf:1)
  A small abomination (Abyss:2)
  A human (Lair:5)
  An orc wizard (D:14)
  2 white imps (IceCv)
  5 ufetubi
  3 blocks of ice
  A bush (Lair:5)
  52 fungi
  2 lurking horrors (Abyss:4)
  101 plants
  9 starspawn tentacles
  A withered plant (D:13)
184 creatures vanquished.

Grand Total: 1659 creatures vanquished

Notes
Turn   | Place    | Note
-------+----------+-------------------------------------------
     0 | D:1      | Apogee the Gnoll Wanderer began the quest for the Orb.
     0 | D:1      | Apogee set off with the following items: a +0 club, a +0
                  | ring mail, a scroll of teleportation {@r4}, a +0 kite
                  | shield
     0 | D:1      | Reached XP level 1. HP: 17/17 MP: 6/6
    70 | D:1      | Reached XP level 2. HP: 13/23 MP: 7/7
   625 | D:1      | Reached XP level 3. HP: 28/28 MP: 9/9
   698 | D:1      | Reached skill level 5 in Spellcasting
  1000 | D:1      | Reached skill level 1 in Invocations
  1383 | D:2      | Reached skill level 1 in Short Blades
  1383 | D:2      | Reached skill level 1 in Long Blades
  1383 | D:2      | Reached skill level 1 in Maces & Flails
  1383 | D:2      | Reached skill level 1 in Polearms
  1383 | D:2      | Reached skill level 1 in Staves
  1383 | D:2      | Reached skill level 1 in Slings
  1383 | D:2      | Reached skill level 1 in Bows
  1383 | D:2      | Reached skill level 1 in Crossbows
  1383 | D:2      | Reached skill level 1 in Throwing
  1383 | D:2      | Reached skill level 1 in Dodging
  1383 | D:2      | Reached skill level 1 in Unarmed Combat
  1383 | D:2      | Reached skill level 1 in Evocations
  1604 | D:2      | Reached XP level 4. HP: 15/34 MP: 11/11
  1887 | D:2      | Reached skill level 1 in Conjurations
  1887 | D:2      | Reached skill level 1 in Hexes
  1887 | D:2      | Reached skill level 1 in Summonings
  1887 | D:2      | Reached skill level 1 in Necromancy
  1887 | D:2      | Reached skill level 1 in Transmutations
  1887 | D:2      | Reached skill level 1 in Fire Magic
  1887 | D:2      | Reached skill level 1 in Ice Magic
  1887 | D:2      | Reached skill level 1 in Air Magic
  1887 | D:2      | Reached skill level 1 in Earth Magic
  1887 | D:2      | Reached skill level 1 in Poison Magic
  2380 | D:2      | Reached XP level 5. HP: 8/40 MP: 12/12
  3261 | D:2      | Learned a level 1 spell: Apportation
  3382 | D:3      | Noticed Jessica
  3386 | D:3      | Killed Jessica
  3949 | D:3      | Reached XP level 6. HP: 33/47 MP: 13/13
  4543 | D:4      | Reached XP level 7. HP: 47/52 MP: 15/15
  4604 | D:4      | HP: 2/52 [ogre/+0 giant spiked club (15)]
  5471 | D:4      | Noticed Blork the orc
  5552 | D:4      | Killed Blork the orc
  6376 | D:5      | Entered Level 5 of the Dungeon
  6399 | D:5      | Found a runed translucent door.
  6403 | D:5      | Noticed Nico3ck's ghost (amateur TrBe)
  6511 | D:5      | Reached XP level 8. HP: 60/60 MP: 16/16
  7176 | D:5      | Found a shadowy altar of Dithmenos.
  8481 | D:6      | Reached XP level 9. HP: 59/66 MP: 18/18
  8516 | D:6      | Found a staircase to the Ecumenical Temple.
  8528 | Temple   | Entered the Ecumenical Temple
  8627 | Temple   | Became a worshipper of Sif Muna the Loreminder
  8710 | D:6      | Noticed Sigmund
  8717 | D:6      | Killed Sigmund
  8720 | D:6      | Noticed Maggie
  8740 | D:6      | Killed Maggie
  9208 | D:6      | Found a glowing golden altar of the Shining One.
  9738 | D:7      | Reached skill level 5 in Fighting
  9738 | D:7      | Reached skill level 5 in Axes
  9738 | D:7      | Reached skill level 5 in Shields
  9805 | D:7      | Noticed Duvessa
  9805 | D:7      | Noticed Dowan
  9808 | D:7      | Killed Dowan
  9822 | D:7      | Killed Duvessa
 10209 | D:7      | Reached skill level 5 in Stealth
 10270 | D:7      | Found an iron altar of Okawaru.
 10879 | D:8      | Noticed a two-headed ogre
 10882 | D:8      | Killed a two-headed ogre
 10882 | D:8      | Reached skill level 5 in Invocations
 10923 | D:8      | Reached XP level 10. HP: 70/74 MP: 20/20
 11706 | D:8      | Reached skill level 5 in Short Blades
 11706 | D:8      | Reached skill level 5 in Long Blades
 11706 | D:8      | Reached skill level 5 in Maces & Flails
 11706 | D:8      | Reached skill level 5 in Polearms
 11706 | D:8      | Reached skill level 5 in Staves
 11706 | D:8      | Reached skill level 5 in Slings
 11706 | D:8      | Reached skill level 5 in Bows
 11706 | D:8      | Reached skill level 5 in Crossbows
 11706 | D:8      | Reached skill level 5 in Throwing
 11706 | D:8      | Reached skill level 5 in Dodging
 11706 | D:8      | Reached skill level 5 in Unarmed Combat
 11706 | D:8      | Reached skill level 5 in Evocations
 12263 | D:9      | Reached * piety under Sif Muna
 12306 | D:9      | Found a large runed translucent door.
 12307 | D:9      | Found a large runed translucent door.
 12357 | D:9      | Found a large runed translucent door.
 12357 | D:9      | Found a large runed translucent door.
 13078 | D:9      | Reached skill level 5 in Translocations
 14040 | D:10     | Entered Level 10 of the Dungeon
 14048 | D:10     | Noticed a two-headed ogre
 14054 | D:10     | Killed a two-headed ogre
 14061 | D:10     | Reached ** piety under Sif Muna
 14102 | D:10     | Found Jeogupi's Magic Scroll Shoppe.
 14137 | D:10     | Reached XP level 11. HP: 71/83 MP: 22/22
 14231 | D:10     | Found an opulent altar of Gozag.
 14386 | D:10     | Found Vastrio's Antique Weapon Emporium.
 14407 | D:10     | Reached skill level 5 in Conjurations
 14407 | D:10     | Reached skill level 5 in Hexes
 14407 | D:10     | Reached skill level 5 in Summonings
 14407 | D:10     | Reached skill level 5 in Necromancy
 14407 | D:10     | Reached skill level 5 in Transmutations
 14407 | D:10     | Reached skill level 5 in Fire Magic
 14407 | D:10     | Reached skill level 5 in Ice Magic
 14407 | D:10     | Reached skill level 5 in Air Magic
 14407 | D:10     | Reached skill level 5 in Earth Magic
 14407 | D:10     | Reached skill level 5 in Poison Magic
 14774 | D:10     | Found Woruet Cuvup's General Store.
 15195 | D:10     | Found Rasur's Weapon Emporium.
 15484 | D:10     | Found Cutuaw's Distillery.
 15762 | D:11     | Found Vinodada's Weapon Shoppe.
 16200 | D:11     | Found an ancient bone altar of Kikubaaqudgha.
 16205 | D:11     | Noticed a death yak
 16206 | D:11     | Found a staircase to the Lair.
 16234 | D:11     | Killed a death yak
 16666 | D:12     | Reached *** piety under Sif Muna
 17012 | D:12     | Noticed Nessos
 17018 | D:12     | Killed Nessos
 17034 | D:12     | Found a staircase to the Orcish Mines.
 17619 | D:12     | Reached XP level 12. HP: 91/91 MP: 24/24
 17650 | D:12     | Found a glowing golden altar of the Shining One.
 17713 | D:12     | Noticed Snorg
 17814 | D:12     | Noticed a two-headed ogre
 17834 | D:12     | Killed a two-headed ogre
 18423 | D:12     | Found Qoxydol's General Store.
 18608 | D:10     | Bought a scroll of acquirement for 676 gold pieces
 18608 | D:10     | Acquired the +0 pair of gloves "Piateuwu" {rN+ Slay+4}
 18609 | D:10     | Acquired the +7 war axe of Watchfulness {distort, Int+2
                  | Dex+4}
 18676 | Lair:1   | Entered Level 1 of the Lair of Beasts
 18972 | Lair:1   | Reached **** piety under Sif Muna
 19904 | Lair:2   | You fall into a shaft and drop 1 floor!
 20080 | Lair:3   | Reached skill level 10 in Armour
 20265 | Lair:3   | Noticed a seven-headed hydra
 20268 | Lair:3   | Killed a seven-headed hydra
 20444 | Lair:3   | Reached XP level 13. HP: 98/98 MP: 26/26
 20692 | Lair:4   | Reached ***** piety under Sif Muna
 20895 | Lair:4   | Found a shadowy altar of Dithmenos.
 20912 | Lair:4   | Found a staircase to the Snake Pit.
 21175 | Lair:4   | Received a gift from Sif Muna
 21610 | Lair:4   | Found a runed translucent door.
 21694 | Lair:4   | Acquired the Catalogue of the Bewitching Arsonist
 22801 | Lair:4   | Noticed an entropy weaver
 22811 | Lair:4   | Killed an entropy weaver
 23280 | Lair:4   | Noticed an entropy weaver
 23289 | Lair:4   | Banished an entropy weaver
 23528 | Lair:4   | Noticed an entropy weaver
 23542 | Lair:4   | Killed an entropy weaver
 23953 | Lair:4   | Reached skill level 10 in Spellcasting
 24261 | Lair:5   | Found a staircase to the Slime Pits.
 24486 | Lair:5   | Noticed Kirke
 24528 | Lair:5   | Killed Kirke
 24640 | Lair:5   | Reached XP level 14. HP: 95/108 MP: 28/28
 25361 | D:13     | Noticed Jorgrun
 25379 | D:13     | Killed Jorgrun
 25759 | D:13     | Reached skill level 10 in Invocations
 25803 | D:13     | Found a gate to the Vaults.
 26179 | D:13     | Identified Sif Muna's Catalogue of Flight and Confrontation
                  | (Sif Muna gifted it to you on level 13 of the Dungeon)
 26179 | D:13     | Received a gift from Sif Muna
 26185 | D:13     | Learned a level 3 spell: Confusing Touch
 26653 | Orc:1    | Entered Level 1 of the Orcish Mines
 26935 | Orc:2    | Entered Level 2 of the Orcish Mines
 26945 | Orc:2    | Noticed Urug
 26959 | Orc:2    | Banished Urug
 27061 | Orc:2    | Found a staircase to the Elven Halls.
 27094 | Orc:2    | Found a burning altar of Makhleb.
 27095 | Orc:2    | Found the +5 robe of Misfortune {*Contam Harm *Corrode
                  | *Drain *Slow EV+5}
 27236 | Orc:2    | Found a roughly hewn altar of Beogh.
 27237 | Orc:2    | Found Xazuq's Antique Armour Boutique.
 27683 | Orc:2    | Found a roughly hewn altar of Beogh.
 27684 | Orc:2    | Found Acaqeytu's Gadget Shoppe.
 27760 | Orc:2    | Found a roughly hewn altar of Beogh.
 27806 | Orc:2    | Found a roughly hewn altar of Beogh.
 27875 | Orc:2    | Found a roughly hewn altar of Beogh.
 27941 | Orc:2    | Found a roughly hewn altar of Beogh.
 28034 | Orc:2    | Noticed an orc warlord
 28049 | Orc:2    | Identified Xeid Mep's Disquisition on Creative Cold (Sif
                  | Muna gifted it to you on level 2 of the Orcish Mines)
 28049 | Orc:2    | Received a gift from Sif Muna
 28058 | Orc:2    | Killed an orc warlord
 28145 | Orc:2    | Reached skill level 10 in Fighting
 28145 | Orc:2    | Reached skill level 10 in Axes
 28145 | Orc:2    | Reached skill level 10 in Shields
 28280 | Orc:2    | Found Ridgh's Antique Weapon Boutique.
 28281 | Orc:2    | Found a roughly hewn altar of Beogh.
 28285 | Orc:2    | Found Caot Cinu's Antique Armour Shop.
 28459 | D:14     | Found a blossoming altar of Fedhas.
 28514 | D:14     | Reached skill level 10 in Stealth
 28561 | D:14     | Reached XP level 15. HP: 108/115 MP: 29/29
 30265 | D:15     | Entered Level 15 of the Dungeon
 30276 | D:15     | Reached skill level 10 in Short Blades
 30276 | D:15     | Reached skill level 10 in Long Blades
 30276 | D:15     | Reached skill level 10 in Maces & Flails
 30276 | D:15     | Reached skill level 10 in Polearms
 30276 | D:15     | Reached skill level 10 in Staves
 30276 | D:15     | Reached skill level 10 in Slings
 30276 | D:15     | Reached skill level 10 in Bows
 30276 | D:15     | Reached skill level 10 in Crossbows
 30276 | D:15     | Reached skill level 10 in Throwing
 30276 | D:15     | Reached skill level 10 in Dodging
 30276 | D:15     | Reached skill level 10 in Unarmed Combat
 30276 | D:15     | Reached skill level 10 in Evocations
 30663 | D:15     | Received a gift from Sif Muna
 31119 | D:15     | Found a staircase to the Depths.
 31684 | D:15     | Noticed Rupert
 31694 | D:15     | Paralysed by Rupert for 4 turns
 31698 | D:15     | Killed Rupert
 32838 | Lair:6   | Entered Level 6 of the Lair of Beasts
 33098 | Lair:6   | Identified Sif Muna's Tome of Malediction (Sif Muna gifted
                  | it to you on level 6 of the Lair of Beasts)
 33098 | Lair:6   | Received a gift from Sif Muna
 33523 | Lair:5   | Reached XP level 16. HP: 89/124 MP: 31/31
 34086 | Lair:5   | Learned a level 9 spell: Absolute Zero
 35551 | D:10     | Bought a +1 plate armour of poison resistance for 384 gold
                  | pieces
 36309 | Lair:4   | Found a staircase to the Swamp.
 36372 | Swamp:1  | Entered Level 1 of the Swamp
 36458 | Swamp:1  | Identified Sif Muna's Compendium of Weightlessness and
                  | Changing (Sif Muna gifted it to you on level 1 of the
                  | Swamp)
 36458 | Swamp:1  | Received a gift from Sif Muna
 37653 | Swamp:1  | Got a translucent great sword
 37778 | Swamp:2  | Learned a level 4 spell: Olgreb's Toxic Radiance
 37782 | Swamp:2  | Learned a level 3 spell: Ignite Poison
 37786 | Swamp:2  | Learned a level 3 spell: Vampiric Draining
 37904 | Swamp:2  | Got a brightly glowing great mace
 37989 | Swamp:2  | Identified the +6 great sword of Objectivity {holy, rElec}
                  | (You found it on level 1 of the Swamp)
 38006 | Swamp:2  | Noticed a thorn hunter
 38016 | Swamp:2  | Killed a thorn hunter
 38225 | Swamp:2  | Noticed a thorn hunter
 38237 | Swamp:2  | Killed a thorn hunter
 39180 | Swamp:3  | Reached XP level 17. HP: 131/131 MP: 33/33
 39514 | Swamp:3  | Received a gift from Sif Muna
 40054 | Swamp:3  | Found a shadowy altar of Dithmenos.
 40063 | Swamp:3  | Identified the +8 great mace "Spiderbane" {vorpal, Dex+2}
                  | (You found it on level 2 of the Swamp)
 40549 | Swamp:4  | Entered Level 4 of the Swamp
 40563 | Swamp:3  | Reached skill level 10 in Translocations
 42314 | Swamp:4  | Identified Sif Muna's Handbook of Creation (Sif Muna gifted
                  | it to you on level 4 of the Swamp)
 42314 | Swamp:4  | Received a gift from Sif Muna
 42314 | Swamp:4  | Reached skill level 10 in Conjurations
 42314 | Swamp:4  | Reached skill level 10 in Hexes
 42314 | Swamp:4  | Reached skill level 10 in Summonings
 42314 | Swamp:4  | Reached skill level 10 in Necromancy
 42314 | Swamp:4  | Reached skill level 10 in Transmutations
 42314 | Swamp:4  | Reached skill level 10 in Fire Magic
 42314 | Swamp:4  | Reached skill level 10 in Ice Magic
 42314 | Swamp:4  | Reached skill level 10 in Air Magic
 42314 | Swamp:4  | Reached skill level 10 in Earth Magic
 42314 | Swamp:4  | Reached skill level 10 in Poison Magic
 42546 | Swamp:4  | Noticed the 27-headed Lernaean hydra
 42547 | Swamp:4  | Killed the 27-headed Lernaean hydra
 42554 | Swamp:4  | Got a decaying rune of Zot
 42605 | Swamp:4  | Got a fine bronze amulet
 42606 | Swamp:4  | Identified the amulet of Ubudagha {Reflect MR+ Int+6 SH+5}
                  | (You found it on level 4 of the Swamp)
 42864 | Snake:1  | Entered Level 1 of the Snake Pit
 43379 | Snake:1  | Got a bloodstained falchion
 43931 | Snake:2  | Reached XP level 18. HP: 139/140 MP: 32/34
 44257 | Snake:2  | Found a runed translucent door.
 44257 | Snake:2  | Noticed catramo's ghost (adept TrMo)
 45210 | Snake:3  | Found a sacrificial altar of Ru.
 45239 | Snake:3  | Identified Sif Muna's Incunabulum of Destructive Evil Magic
                  | (Sif Muna gifted it to you on level 3 of the Snake Pit)
 45239 | Snake:3  | Received a gift from Sif Muna
 45251 | Snake:3  | Learned a level 9 spell: Death's Door
 45383 | Snake:3  | Noticed Vashnia
 45469 | Snake:3  | Killed Vashnia
 46200 | Snake:4  | Entered Level 4 of the Snake Pit
 46554 | Snake:4  | Found a sacrificial altar of Ru.
 47249 | Snake:4  | Noticed Saint Roka
 47289 | Snake:4  | Killed Saint Roka
 48063 | Snake:4  | Reached XP level 19. HP: 147/148 MP: 36/36
 49366 | Snake:4  | Got a serpentine rune of Zot
 49743 | Orc:2    | Bought a transparent plate armour for 784 gold pieces
 49753 | Orc:2    | Identified the +7 plate armour "Yproloc" {*Corrode rF++
                  | rN++} (You bought it in a shop on level 2 of the Orcish
                  | Mines)
 50087 | Orc:2    | Learned a level 5 spell: Summon Mana Viper
 50184 | Vaults:1 | Entered Level 1 of the Vaults
 50255 | Elf:1    | Entered Level 1 of the Elven Halls
 50262 | Elf:1    | Found a frozen archway.
 50277 | IceCv    | Entered an ice cave
 50966 | IceCv    | Identified Sif Muna's Papyrus of Ghastly Attacks (Sif Muna
                  | gifted it to you in an ice cave)
 50966 | IceCv    | Received a gift from Sif Muna
 51805 | Elf:1    | Cast into level 3 of the Abyss (a deep elf sorcerer)
 51983 | Abyss:3  | Found a corrupted altar of Lugonu.
 52040 | Abyss:3  | Noticed a profane servitor
 52061 | Elf:1    | Escaped the Abyss
 52114 | Elf:1    | Banished a profane servitor
 52400 | Elf:1    | Cast into level 2 of the Abyss (a deep elf demonologist)
 52517 | Abyss:2  | Paralysed by accursed screaming for 1 turns
 52522 | Abyss:2  | Paralysed by accursed screaming for 1 turns
 52755 | Abyss:2  | Identified Sif Muna's Incunabulum of Entrancing
                  | Confrontation (Sif Muna gifted it to you on level 2 of the
                  | Abyss)
 52755 | Abyss:2  | Received a gift from Sif Muna
 53161 | Elf:1    | Escaped the Abyss
 53606 | Elf:1    | Cast into level 3 of the Abyss (a deep elf sorcerer)
 53606 | Abyss:3  | Found a corrupted altar of Lugonu.
 53779 | Abyss:3  | Reached XP level 20. HP: 156/156 MP: 37/37
 53807 | Abyss:3  | Noticed a bone dragon
 53856 | Abyss:4  | Found a corrupted altar of Lugonu.
 53858 | Abyss:4  | Got an abyssal rune of Zot
 54348 | Abyss:4  | Identified Sif Muna's Guide on the Sinister Compass (Sif
                  | Muna gifted it to you on level 4 of the Abyss)
 54348 | Abyss:4  | Received a gift from Sif Muna
 54496 | Abyss:4  | Noticed a bone dragon
 54607 | Elf:1    | Escaped the Abyss
 55045 | Vaults:1 | Learned a level 6 spell: Invisibility
 56396 | D:12     | Killed Snorg
 56944 | Vaults:1 | Identified the amulet of Tender Moments {Acrobat Int+5}
 57273 | Vaults:1 | Identified Sif Muna's Papyrus of the Entourage and the
                  | Glacier (Sif Muna gifted it to you on level 1 of the
                  | Vaults)
 57273 | Vaults:1 | Received a gift from Sif Muna
 57584 | Vaults:1 | Paralysed by an ogre mage for 6 turns
 58323 | Vaults:2 | Noticed Asterion
 58336 | Vaults:2 | Killed Asterion
 58736 | Vaults:2 | Found a staircase to the Crypt.
 59224 | Vaults:2 | Reached XP level 21. HP: 164/164 MP: 39/39
 59488 | Vaults:3 | Identified Sif Muna's Collected Works on the Rocks and
                  | Companions (Sif Muna gifted it to you on level 3 of the
                  | Vaults)
 59488 | Vaults:3 | Received a gift from Sif Muna
 59511 | Vaults:3 | Learned a level 6 spell: Shadow Creatures
 59535 | Vaults:3 | Found Jirah's Antique Armour Boutique.
 59678 | Vaults:3 | Bought a shimmering chain mail for 342 gold pieces
 59700 | Vaults:3 | Identified the +1 chain mail "Osmoll" {rPois} (You bought
                  | it in a shop on level 3 of the Vaults)
 59791 | Vaults:3 | Reached skill level 15 in Armour
 60170 | Vaults:3 | Got a pair of glimmering boots
 60181 | Vaults:3 | Identified the +1 pair of boots "Tanestit" {rF+} (You found
                  | it on level 3 of the Vaults)
 60205 | Vaults:3 | You fall into a shaft and drop 1 floor!
 60303 | Vaults:4 | Reached skill level 15 in Invocations
 61324 | Vaults:4 | Identified Sif Muna's Collected Works on Frigorific
                  | Malediction (Sif Muna gifted it to you on level 4 of the
                  | Vaults)
 61324 | Vaults:4 | Received a gift from Sif Muna
 61628 | Vaults:4 | Got a pitted hat
 62181 | Vaults:4 | Identified the +2 hat "Taymi Wuo" {rN++} (You found it on
                  | level 4 of the Vaults)
 62948 | Depths:1 | Entered Level 1 of the Depths
 62948 | Depths:1 | Found Ofasuit Rup's General Store.
 63273 | Depths:1 | Found a one-way gate to the infinite horrors of the Abyss.
 63304 | Depths:1 | Reached skill level 15 in Spellcasting
 63433 | Depths:1 | Found a gateway to Hell.
 63555 | Depths:1 | Reached XP level 22. HP: 173/173 MP: 41/41
 64004 | Depths:1 | Identified Sif Muna's Catalogue of Damaging Toxins (Sif
                  | Muna gifted it to you on level 1 of the Depths)
 64004 | Depths:1 | Received a gift from Sif Muna
 65007 | Depths:2 | Paralysed by a sphinx for 7 turns
 65016 | Depths:2 | HP: 3/173 [something (18)]
 65775 | Depths:2 | Killed from afar by a frost giant

Illustrated notes

Levels and vault maps discovered:
D:1:      erik_arrival_cave_to_civilisation [erik_arrival_cave_to_hall],
          layout_basic
D:2:      kennysheep_big_flooded_room, layout_loops_ring
D:3:      kennysheep_the_goblin_king, layout_rooms, uniq_jessica
D:4:      layout_cave_pools, minmay_misc_feat_alley, minmay_between,
          uniq_blork_the_orc
D:5:      layout_loops_ring, grunt_dithmenos_smoke,
          hellmonk_ghost_happy_afterlife
D:6:      layout_rooms, minmay_temple_entry_water_ring,
          minmay_misc_feat_encased, tso_metal_star, uniq_maggie, uniq_sigmund
D:7:      layout_basic, nicolae_ossuary_entry_monument,
          chequers_serial_rivers_micro_a, minivault_25, okawaru_trees_1,
          uniq_duvessa
D:8:      layout_gridville
D:9:      layout_gridville, minmay_hollow_rounded_squares
D:10:     layout_layer_cave, serial_shops, nicolae_shop_statue_plus, shop,
          kennysheep_mini, nicolae_shop_window_shopping,
          nicolae_shop_overgrown_old_shop, eino_small_chamber_without_monster,
          grunt_gozag_breadcrumbs
D:11:     layout_irregular_city, david_lair_generic, serial_shops,
          nicolae_shop_behind_doors, serial_column_ruins,
          column_ruins_temple_circle, column_ruins_hut,
          column_ruins_open_medium, column_ruins_grid_1, column_ruins_grid_3,
          column_ruins_open_small
D:12:     layout_roguey, kennysheep_orc_monster_closet_entryway, serial_shops,
          kennysheep_mini_moat, basic_altar, feat_on_display, uniq_snorg,
          uniq_nessos
D:13:     layout_loops_cross, david_vaults_3, argonaut_gorgonesque, uniq_jorgrun
D:14:     layout_basic, fedhas_altar_3
D:15:     grunt_enter_depths_hoard, layout_loops_corners,
          hangedman_decor_clover_reticule, uniq_rupert
Temple:   kilobyte_greek_temple
Lair:1:   layout_regular_city
Lair:2:   layout_layer_cave
Lair:3:   layout_misc_corridors, grunt_megastairs_2
Lair:4:   gammafunk_mikee_crab_dinner, layout_regular_city,
          nicolae_swamp_entry_splash_gauntlet, guppyfry_snake_entry_garden,
          basic_altar, grunt_forest_stairs_basic, nicolae_quartered_pool_medium,
          kennysheep_basilisk_garden
Lair:5:   nzn_motion_control, layout_hall_layers, minmay_slime_entry_oklob_open,
          kennysheep_catoblepas_arena, uniq_kirke
Lair:6:   minmay_lair_end_frog_pond, layout_long_grid, zaba_antful_of_joy
Swamp:1:  layout_basic_swamp, evilmike_swamp_ruin_wall, swamp_pool4
Swamp:2:  layout_basic_swamp, evilmike_swamp_ruin_house_4
Swamp:3:  layout_basic_swamp, lemuel_altar_in_water, swamp_pool5,
          st_swamp_ruins_3, infiniplex_staircase_pool_2
Swamp:4:  grunt_swamp_rune_castle, layout_basic_swamp
Snake:1:  layout_onion
Snake:2:  layout_layer_cave, ebering_ghost_inner_flame
Snake:3:  layout_cave_town, basic_altar, uniq_vashnia
Snake:4:  johnstein_snake_rune_scales, layout_cave_town, basic_altar,
          uniq_saint_roka
Orc:1:    layout_caves
Orc:2:    grunt_orc_community_town_hall, layout_caves,
          grunt_orc_community_big_house_1, grunt_orc_community_big_house_1,
          grunt_orc_community_house_2, grunt_orc_community_house_1,
          grunt_orc_community_house_3, grunt_orc_community_house_2,
          grunt_orc_community_house_3, bloody_makhleb, uniq_urug
Elf:1:    layout_gridlike, portal_ice_cave_entry_frozen_things, serial_shops,
          nicolae_shop_behind_doors, minmay_elf_sorcery
Vaults:1: v_misc_14, hangedman_vaults_hat, hangedman_vaults_maws,
          vaults_dpeg_hooks, v_misc_32, vaults_dpeg_diagonal,
          vaults_standard_mumra_x, nicolae_vaults_rhombus_7,
          dpeg_vaults_monster_box, nicolae_vaults_mini_display_case,
          nicolae_vaults_asterisk, layout_vaults_omnigrid
Vaults:2: v_misc_30, v_pattern_3, hangedman_vaults_unwind, v_misc_28,
          vaults_dpeg_cross, hangedman_vaults_nails, grunt_vaults_trifunnel,
          nicolae_vaults_shelves_hall, minmay_crypt_entry_skeletal_spiral,
          vaults_room_door_ring, ontoclasm_vaults_idyll,
          vaults_room_hangedman_quadrants, nicolae_vaults_theta,
          layout_vaults_maze, uniq_asterion, uniq_mennas
Vaults:3: vaults_room_fancy_cross, nicolae_vaults_ring_of_whatevers, v_misc_11,
          vaults_mumra_lcd, v_misc_16, v_misc_26, vaults_dpeg_encased_lava,
          nicolae_vaults_alarming, layout_vaults_big_room, serial_shops, shop
Vaults:4: nicolae_vaults_gold_heap, grunt_vaults_diagonal, v_misc_10,
          vaults_room_pools, v_misc_26, hangedman_vaults_river_flow,
          nicolae_vaults_little_ls, ontoclasm_vaults_tryst,
          ontoclasm_vaults_pinch, nicolae_vaults_little_squares_3,
          vaults_mumra_chevron_long, vaults_room_hallway,
          ontoclasm_vaults_shout, vaults_room_pool, ontoclasm_vaults_spin,
          layout_vaults_ring
Depths:1: layout_roguey, serial_shops, shop, abyss_entry,
          chequers_serial_rivers_large_a, hell_entry, grunt_ministairs_2,
          st_stairs_2, minmay_misc_feat_ornament, kilobyte_mutagenic_chamber
Depths:2: evilmike_diamond_2, layout_gridville, enter_ziggurat_b,
          grunt_hell_entry_dis_mu, serial_bayou_shore_b

Skill      XL: |  1  2  3  4  5  6  7  8  9 10 11 12 13 14 15 16 17 18 19 20 21 |
---------------+----------------------------------------------------------------+-----
Translocations | 2 3 4 5 6 7 8 9 10 11 12 | 12.7
Spellcasting   | 5 6 7 8 9 10 11 12 13 14 15 | 15.2
Invocations    | 1 2 3 4 5 6 7 8 9 10 11 12 13 14 15 | 15.6
Short Blades   | 1 2 3 4 5 6 7 8 9 10 11 12 13 14 | 14.5
Long Blades    | 1 2 3 4 5 6 7 8 9 10 11 12 13 14 | 14.5
Maces & Flails | 1 2 3 4 5 6 7 8 9 10 11 12 13 14 | 14.5
Polearms       | 1 2 3 4 5 6 7 8 9 10 11 12 13 14 | 14.5
Staves         | 1 2 3 4 5 6 7 8 9 10 11 12 13 14 | 14.5
Slings         | 1 2 3 4 5 6 7 8 9 10 11 12 13 14 | 14.5
Bows           | 1 2 3 4 5 6 7 8 9 10 11 12 13 14 | 14.5
Crossbows      | 1 2 3 4 5 6 7 8 9 10 11 12 13 14 | 14.5
Throwing       | 1 2 3 4 5 6 7 8 9 10 11 12 13 14 | 14.5
Dodging        | 1 2 3 4 5 6 7 8 9 10 11 12 13 14 | 14.5
Unarmed Combat | 1 2 3 4 5 6 7 8 9 10 11 12 13 14 | 14.5
Evocations     | 1 2 3 4 5 6 7 8 9 10 11 12 13 14 | 14.5
Conjurations   | 1 2 3 4 5 6 7 8 9 10 11 12 | 12.5
Hexes          | 1 2 3 4 5 6 7 8 9 10 11 12 | 12.5
Summonings     | 1 2 3 4 5 6 7 8 9 10 11 12 | 12.5
Necromancy     | 1 2 3 4 5 6 7 8 9 10 11 12 | 12.5
Transmutations | 1 2 3 4 5 6 7 8 9 10 11 12 | 12.5
Fire Magic     | 1 2 3 4 5 6 7 8 9 10 11 12 | 12.5
Ice Magic      | 1 2 3 4 5 6 7 8 9 10 11 12 | 12.5
Air Magic      | 1 2 3 4 5 6 7 8 9 10 11 12 | 12.5
Earth Magic    | 1 2 3 4 5 6 7 8 9 10 11 12 | 12.5
Poison Magic   | 1 2 3 4 5 6 7 8 9 10 11 12 | 12.5
Fighting       | 3 4 5 6 7 8 9 10 11 12 13 14 | 14.7
Axes           | 3 4 5 6 7 8 9 10 11 12 13 14 | 14.7
Shields        | 3 4 5 6 7 8 9 10 11 12 13 14 | 14.7
Stealth        | 3 4 5 6 7 8 9 10 11 12 13 14 | 14.7
Armour         | 7 8 9 10 11 12 13 14 15 | 15.6

Action                   |  1- 3 |  4- 6 |  7- 9 | 10-12 | 13-15 | 16-18 | 19-21 | 22-24 || total
-------------------------+-------+-------+-------+-------+-------+-------+-------+-------++-------
Melee: Club              |    31 |       |       |       |       |       |       |       ||    31
       Bite              |    14 |    37 |    74 |   125 |   137 |   126 |   173 |    30 ||   716
       Spear             |   143 |   372 |   667 |   373 |       |       |       |       ||  1555
       Hand axe          |       |       |       |   409 |       |       |       |       ||   409
       War axe           |       |       |       |   103 |   698 |   770 |   974 |   133 ||  2678
 Fire: Fustibalus        |       |       |       |    29 |       |       |       |       ||    29
Throw: Boomerang         |       |     2 |    13 |       |    21 |   577 |   298 |    14 ||   925
       Dart              |       |     2 |     3 |       |       |       |       |       ||     5
       Javelin           |       |       |       |       |       |     6 |    22 |    11 ||    39
 Cast: Apportation       |       |       |       |       |       |     8 |    13 |       ||    21
       Ignite Poison     |       |       |       |       |       |     9 |     6 |     1 ||    16
       Absolute Zero     |       |       |       |       |       |     3 |     1 |     1 ||     5
       Olgreb's Toxic Ra |       |       |       |       |       |     1 |     4 |       ||     5
       Summon Mana Viper |       |       |       |       |       |       |    10 |       ||    10
       Confusing Touch   |       |       |       |       |       |       |     1 |       ||     1
       Death's Door      |       |       |       |       |       |       |       |     1 ||     1
Invok: Divine Exegesis   |       |       |       |       |       |     3 |     1 |     2 ||     6
Evoke: Wand              |       |       |    29 |    39 |    14 |    13 |    11 |     3 ||   109
       Condenser vane    |       |       |       |     2 |     9 |     3 |     7 |     1 ||    22
       Phantom mirror    |       |       |       |     1 |     4 |     2 |       |       ||     7
  Use: Potion            |     1 |     3 |     1 |     1 |     2 |     4 |     7 |     1 ||    20
       Scroll            |       |       |       |    15 |     4 |    18 |    18 |     2 ||    57
 Stab: Sleeping          |     3 |     3 |       |       |       |       |     7 |     2 ||    15
       Invisible         |       |       |     2 |       |       |       |       |       ||     2
       Paralysed         |       |       |       |     4 |       |       |     1 |       ||     5
       Confused          |       |       |       |     4 |       |       |       |       ||     4
       Betrayed ally     |       |       |       |       |     1 |       |       |       ||     1
       Petrifying        |       |       |       |       |     1 |       |     1 |       ||     2
       Petrified         |       |       |       |       |     1 |       |       |       ||     1
       Distracted        |       |       |       |       |       |       |     2 |       ||     2
Armor: Ring mail         |    75 |    74 |       |       |       |       |       |       ||   149
       Plate armour      |       |    14 |   292 |   379 |   316 |   285 |    23 |       ||  1309
       Chain mail        |       |       |       |       |       |       |   227 |    39 ||   266
Dodge: Dodged            |    70 |   118 |    86 |   212 |   308 |   366 |   408 |    43 ||  1611
Block: Kite shield       |    93 |   148 |   264 |   470 |   503 |   626 |   613 |    65 ||  2782
       Reflection        |       |       |       |       |    31 |    60 |    94 |     3 ||   188

Table legend: (Time is in decaauts)
 A = Elapsed time spent in this place.
 B = Non-inter-level travel time spent in this place.
 C = Inter-level travel time spent in this place.
 D = Time resting spent in this place.
 E = Time spent auto-exploring this place.
 F = Levels seen in this place.
 G = Mean time per level.
                   A        B        C        D        E       F      G
               +--------+--------+--------+--------+--------+-----+--------+
         Total |  65760 |  61732 |   4028 |  19135 |  30666 |  44 | 1494.5 |
       Dungeon |  25339 |  23581 |   1758 |   6213 |  12911 |  15 | 1689.3 |
        Temple |    137 |    100 |     37 |      0 |     87 |   1 |  137.0 |
          Lair |  10642 |   9603 |   1039 |   3095 |   5069 |   6 | 1773.7 |
         Swamp |   6611 |   6376 |    235 |   2386 |   2953 |   4 | 1652.8 |
     Snake Pit |   6540 |   6359 |    181 |   1842 |   3072 |   4 | 1635.0 |
  Orcish Mines |   2125 |   1721 |    404 |    142 |   1162 |   2 | 1062.5 |
   Elven Halls |   1763 |   1722 |     41 |    994 |    373 |   1 | 1763.0 |
        Vaults |   7054 |   6763 |    291 |   1598 |   3957 |   4 | 1763.5 |
        Depths |   2788 |   2748 |     40 |   1265 |   1063 |   2 | 1394.0 |
         Abyss |   1973 |   1973 |      0 |   1126 |      0 |   4 |  493.2 |
      Ice Cave |    784 |    784 |      0 |    471 |     18 |   1 |  784.0 |
               +--------+--------+--------+--------+--------+-----+--------+

Top non-repeatable levels by time:
  Lair:4: 3719 daAuts
 Snake:4: 3068 daAuts
Vaults:1: 2599 daAuts
    D:12: 2575 daAuts
  Lair:5: 2477 daAuts
 Swamp:3: 2300 daAuts
     D:2: 2211 daAuts
    D:15: 2185 daAuts
Depths:1: 2088 daAuts
    D:13: 1900 daAuts
     D:5: 1899 daAuts
     D:4: 1806 daAuts
     D:9: 1774 daAuts
   Elf:1: 1763 daAuts
Vaults:3: 1695 daAuts
